 Dungeon Crawl Stone Soup version 0.20-a0-1111-g4e342e6 (webtiles) character file.

3198 EvilAshe the Cleaver (level 9, -1/82 HPs)
             Began as a Hill Orc Gladiator on May 6, 2017.
             Was a Follower of Makhleb.
             Killed by the air
             ... invoked by Gastronok
              (24 damage)
             ... on level 8 of the Dungeon.
             The game lasted 00:19:05 (9306 turns).

EvilAshe the Cleaver (Hill Orc Gladiator)           Turns: 9306, Time: 00:19:06

Health: -1/82      AC: 10    Str: 18    XL:     9   Next: 96%
Magic:  9/9        EV: 12    Int:  8    God:    Makhleb [*.....]
Gold:   289        SH:  0    Dex: 14    Spells: 8/8 levels left

rFire    + . .     SeeInvis .   F - +0 broad axe
rCold    + . .     Gourm    .   (no shield)
rNeg     . . .     Faith    .   H - +0 chain mail (curse)
rPois    .         Spirit   .   c - +0 helmet
rElec    .         Reflect  .   k - scarf {rC+ rF+}
rCorr    .         Harm     .   (no gloves)
MR       .....                  (no boots)
Stlth    ..........             (no amulet)
Regen    0.3/turn               o - ring of wizardry
MPRegen  0.2/turn               n - +4 ring of evasion

@: hasted, very quick
A: no striking features
a: Renounce Religion


You were on level 8 of the Dungeon.
You worshipped Makhleb.
Makhleb was aware of your devotion.
You were not hungry.

You visited 1 branch of the dungeon, and saw 8 of its levels.

You collected 289 gold pieces.

Inventory:

Hand Weapons
 s - a cursed -3 hand axe
 F - a +0 broad axe (weapon)
Missiles
 d - a throwing net (quivered)
Armour
 c - a +0 helmet (worn)
 k - a scarf of resistance (worn)
 H - a cursed +0 chain mail (worn)
Jewellery
 n - a +4 ring of evasion (right hand)
 o - a ring of wizardry (left hand)
 J - an uncursed ring of ice {unknown}
Wands
 a - a wand of lightning (11/15)
 t - a wand of digging (23/24)
 x - a wand of flame (1/48)
 B - a wand of iceblast (8/15)
 C - a wand of enslavement (8/24)
 E - a wand of digging (9/24)
 L - a wand of flame (19/48)
 M - a wand of lightning (6/15)
Scrolls
 b - a scroll of vulnerability {unknown}
 g - a scroll of enchant armour {unknown}
 h - 3 scrolls of teleportation
 j - a scroll of recharging
 q - 3 scrolls of remove curse
 u - 2 scrolls of fog
 v - a scroll of magic mapping
 y - a scroll of immolation
 A - a scroll of random uselessness {unknown}
 K - a scroll of amnesia {unknown}
Potions
 i - a potion of mutation {unknown}
 l - a potion of ambrosia {unknown}
 m - 2 potions of flight
 p - 2 potions of berserk rage {unknown}
 r - a potion of brilliance {unknown}
 w - 3 potions of curing {unknown}
 G - 2 potions of agility {unknown}
Comestibles
 f - 4 bread rations
 z - a royal jelly
 D - 3 meat rations
 I - 4 chunks of flesh


   Skills:
 + Level 8.9 Fighting
 * Level 13.8 Axes
 - Level 1.7 Throwing
 + Level 4.7 Armour
 - Level 2.4 Dodging


You had 8 spell levels left.
You didn't know any spells.

Dungeon Overview and Level Annotations

Branches:
Dungeon (8/15)             Temple (0/1) D:7
   Lair: D:8-11

Altars:
Gozag
Kikubaaqudgha
Makhleb
Trog
Wu Jian

Shops:
D:4 [   D:7 (

Annotations:
D:3 Grinder
D:8 Gastronok


Message History

You completely miss Gastronok.
Gastronok is lightly wounded.
You hit Gastronok but do no damage.
Gastronok is lightly wounded.
You slice Gastronok!!
Gastronok is moderately wounded.
Gastronok bites you.
You slice Gastronok!!
Gastronok is heavily wounded.
You hit Gastronok but do no damage.
Gastronok is heavily wounded.
You slash Gastronok!
Gastronok is heavily wounded.
Gastronok gurgles, "I'll eat you, I will!"
Gastronok waves his eye-stalks in wide circles.
The air twists around and strikes you!
* * * LOW HITPOINT WARNING * * *
Gastronok waves his eye-stalks in wide circles.
The air twists around and strikes you!
You die...

,,** *......,,,,,,** ,,,**
*#......,,,,,,,* ,,,,*
*.......,,,,,,,* ,,,**
##......w,,,,,,** ,,,* ###*
#w.#,,,,,,,,,,** ,,,*
##..*##.###,,,,,,,*** ,.#**
#...##....###,,****
*...#*#..##.......###*
***#$.#..#......@...#************
**#.....####.......#*,,,,,,,,,
###.### ##........,,,,,,,,, #..#
**....##...,,,,,,,,, ##### ##.#
*,.....**#.,,,,,,,,* #...## #.#
**.>.....****,,,,,,** .....####.#
*,.......# **,,,,,,,
.......##.##*........# **,,*,,,
........##.#*,...,,,,** ******,


You could see Gastronok.

Vanquished Creatures
  4 hippogriffs
  A wyvern (D:8)
  The ghost of jotwebe the Ruffian, an amateur DrTm (D:3)
  A water moccasin (D:7)
  3 ice beasts (D:7)
  A sky beast (D:4)
  A phantom (D:7)
  4 ogres
  A centaur (D:7)
  2 bullfrogs
  2 crimson imps
  A quasit (D:5)
  2 centaur skeletons
  3 orc priests
  5 hounds
  8 orc wizards
  Ijyb (D:2)
  2 iguanas
  2 bullfrog skeletons (D:4)
  6 worker ants
  A hound zombie (D:6)
  Robin (D:3)
  4 adders
  2 shadow imps
  2 oozes
  A worm (D:4)
  2 dart slugs (D:4)
  2 leopard geckos
  43 orcs
  5 bats
  2 giant cockroaches
  6 hobgoblins
  9 jackals
  5 kobolds
  A quokka (D:6)
  A ball python (D:3)
  A frilled lizard (D:1)
  13 goblins
  2 leopard gecko skeletons
  A quokka skeleton (D:4)
  7 rats
162 creatures vanquished.

Notes
Turn   | Place    | Note
-------+----------+-------------------------------------------
     0 | D:1      | EvilAshe the Hill Orc Gladiator began the quest for the Orb.
     0 | D:1      | Reached XP level 1. HP: 18/18 MP: 1/1
   148 | D:1      | Reached XP level 2. HP: 25/25 MP: 2/2
   472 | D:1      | Reached skill level 5 in Axes
   569 | D:1      | Reached XP level 3. HP: 31/31 MP: 3/3
   919 | D:2      | Found a bloodstained altar of Trog.
   919 | D:2      | Found an ancient bone altar of Kikubaaqudgha.
  1128 | D:2      | You fall through a shaft for 2 floors!
  1213 | D:4      | Found an ornate altar of the Wu Jian Council.
  1339 | D:4      | Reached XP level 4. HP: 21/38 MP: 4/4
  1498 | D:4      | Found Horuorej's Armour Shoppe.
  1602 | D:4      | Noticed an ogre
  1618 | D:4      | Killed an ogre
  1618 | D:4      | Reached skill level 6 in Axes
  1618 | D:4      | Reached XP level 5. HP: 17/46 MP: 5/5
  1937 | D:3      | Noticed Robin
  1939 | D:3      | Reached skill level 7 in Axes
  2054 | D:3      | Killed Robin
  2201 | D:3      | Noticed jotwebe's ghost (amateur DrTm)
  2456 | D:4      | Found an opulent altar of Gozag.
  2501 | D:4      | Reached XP level 6. HP: 51/53 MP: 6/6
  2676 | D:4      | Reached skill level 8 in Axes
  2746 | D:3      | Noticed Grinder
  2755 | D:3      | Noticed a sky beast
  2791 | D:4      | Killed a sky beast
  2791 | D:4      | Reached skill level 5 in Fighting
  3079 | D:4      | Reached XP level 7. HP: 40/61 MP: 7/7
  3347 | D:3      | Noticed Ijyb
  3506 | D:2      | Killed Ijyb
  3850 | D:3      | Killed jotwebe's ghost
  3850 | D:3      | Reached skill level 9 in Axes
  3967 | D:3      | Paralysed by Grinder for 7 turns
  4154 | D:3      | Paralysed by Grinder for 6 turns
  4179 | D:3      | Paralysed by Grinder for 4 turns
  4185 | D:3      | Paralysed by Grinder for 7 turns
  4199 | D:3      | HP: 3/61 [Grinder/nerve-wracking pain (14)]
  4763 | D:4      | Reached skill level 10 in Axes
  4876 | D:4      | Found a burning altar of Makhleb.
  4989 | D:4      | Became a worshipper of Makhleb the Destroyer
  5159 | D:5      | Entered Level 5 of the Dungeon
  5233 | D:4      | Reached XP level 8. HP: 70/70 MP: 8/8
  5757 | D:5      | Reached skill level 11 in Axes
  6515 | D:6      | Reached * piety under Makhleb
  6629 | D:6      | Noticed a hippogriff
  6647 | D:6      | Killed a hippogriff
  6647 | D:6      | Reached skill level 1 in Armour
  7457 | D:7      | Noticed a hippogriff
  7466 | D:7      | Reached skill level 12 in Axes
  7474 | D:7      | Noticed a hippogriff
  7487 | D:6      | Killed a hippogriff
  7487 | D:6      | Reached XP level 9. HP: 33/80 MP: 9/9
  8007 | D:7      | Reached skill level 13 in Axes
  8299 | D:7      | Found Jarrogimp's Weapon Boutique.
  8748 | D:7      | Found a staircase to the Ecumenical Temple.
  9280 | D:8      | Noticed Gastronok
  9306 | D:8      | Killed from afar by Gastronok

Vault maps used:
D:1:      erik_arrival_triangle_medium
D:2:      gammafunk_temple_overflow_pools, nicolae_tso_swordbearing_angel,
          uniq_natasha
D:3:      gammafunk_temple_overflow_statue, uniq_grinder, uniq_robin, uniq_ijyb
D:4:      nicolae_gozag_cash_rules_everything_around_me, lemuel_crystal_altar,
          serial_shops, nicolae_shop_waterfront, first_bread,
          makhleb_heckhound_becter
D:5:      hangedman_decor_riveting
D:6:      minmay_misc_feat_four_crosses, minmay_misc_feat_rugged
D:7:      minmay_temple_entry_nine_rooms, serial_shops, kennysheep_little_box,
          serial_aquarium, aquarium_bridge_square, aquarium_window_fake,
          aquarium_window_corridor_3, aquarium_view_2c, aquarium_view_2g,
          aquarium_balcony_double_2
D:8:      grunt_temple_overflow_diamond, uniq_pikel, uniq_grum, uniq_gastronok,
          uniq_psyche

Skill      XL: |  1  2  3  4  5  6  7  8  9 |
---------------+----------------------------+-----
Axes           | 5 6 7 8 10 12 13 | 13.8
Fighting       | 3 4 5 6 7 8 |  8.9
Armour         | 2 4 |  4.7
Throwing       | |  1.7
Dodging        | |  2.4

Action                   |  1- 3 |  4- 6 |  7- 9 || total
-------------------------+-------+-------+-------++-------
Melee: War axe           |    87 |   130 |   208 ||   425
       Broad axe         |       |       |   208 ||   208
Throw: Throwing net      |       |     2 |       ||     2
Evoke: Wand              |       |       |     7 ||     7
  Use: Scroll            |     6 |     2 |     4 ||    12
       Potion            |       |     1 |     2 ||     3
 Stab: Held in net/web   |       |     1 |       ||     1
       Invisible         |       |       |     2 ||     2
  Eat: Chunk             |     1 |     5 |    16 ||    22
       Meat ration       |       |       |     1 ||     1
Armor: Leather armour    |    22 |    30 |    54 ||   106
       Chain mail        |       |       |    90 ||    90
Dodge: Dodged            |    70 |    99 |   297 ||   466
